 Dungeon Crawl Stone Soup version 0.29.0-10-g45618ea6d2 (webtiles) character file.

Game seed: 4968872150828891740

35 Flugkiller the Covered (level 3, 33/33 HPs)
             Began as a Minotaur Fighter on Sept 1, 2022.
             Was a Follower of Yredelemnul.
             Quit the game on level 1 of the Dungeon.
             The game lasted 00:00:29 (645 turns).

Flugkiller the Covered (Minotaur Fighter)            Turns: 645, Time: 00:00:30

Health: 33/33      AC:  8    Str: 20    XL:     3   Next: 17%
Magic:  2/2        EV:  9    Int:  5    God:    Yredelemnul [*.....]
Gold:   38         SH:  4    Dex: 11    Spells: 2/2 levels left

rFire   . . .      SeeInvis .   a - +0 war axe
rCold   . . .      Faith    .   c - +0 buckler
rNeg    . . .      Spirit   .   b - +0 scale mail
rPois   .          Reflect  .   (helmet restricted)
rElec   .          Harm     .   (no cloak)
rCorr   .          Rampage  .   (no gloves)
Will    .....                   i - +0 pair of boots
Stlth   ..........              (no amulet)
HPRegen 0.11/turn               (no ring)
MPRegen 0.08/turn               (no ring)

@: no status effects
A: horns 2, retaliatory headbutt
a: Renounce Religion, Recall Undead Harvest


You were on level 1 of the Dungeon.
You worshipped Yredelemnul.
Yredelemnul was noncommittal.
You visited 1 branch of the dungeon, and saw 1 of its levels.

You collected 38 gold pieces.

Inventory:

Hand Weapons
 a - a +0 war axe (weapon)
Armour
 b - a +0 scale mail (worn)
 c - a +0 buckler (worn)
 i - a +0 pair of boots (worn)
   (You found it on level 1 of the Dungeon)
Jewellery
 l - a ring of ice
   (You found it on level 1 of the Dungeon)
Scrolls
 g - a scroll of immolation {unknown}
 j - a scroll of identify {unknown}
 k - a scroll of fog {unknown}
Potions
 d - a potion of might
 e - a potion of attraction {unknown}
 f - a potion of mutation {unknown}
 h - a potion of brilliance {unknown}


   Skills:
 + Level 4.1 Fighting
 * Level 3.6 Axes
 + Level 4.1 Armour
 - Level 3.6 Shields


You had 2 spell levels left.
You didn't know any spells.
Your spell library was empty.

Dungeon Overview and Level Annotations

Branches:
Dungeon (1/15)

Altars:
Yredelemnul


Innate Abilities, Weirdness & Mutations

You have a pair of horns on your head.
You reflexively headbutt those who attack you in melee.


Message History

You closely miss the kobold. You headbutt the kobold.
You kill the kobold!
You see here a +0 dagger of protection.
The endoplasm freezes you.
You are frozen.
You hit the endoplasm.
You kill the endoplasm!
j - a scroll labelled HIPTIMAERE A goblin comes into view.
It is wielding a +0 dagger.
The goblin shouts!
A frilled lizard comes into view.
You block the goblin's attack.
You barely miss the goblin. Your headbutt misses the goblin.
The goblin barely misses you. You furiously retaliate!
You headbutt the goblin.
You kill the goblin!
You block the frilled lizard's attack.
You slash the frilled lizard!
You kill the frilled lizard!
You have reached level 3!
Your experience leads to an increase in your attributes!
Increase (s)trength, (i)ntelligence, or (d)exterity?
You feel agile. x2
k - a scroll labelled FUJAMASOMN
Things that are here:
a +0 dagger; a frilled lizard corpse
Found 8 stones.
A quokka comes into view.
A quokka is nearby!
You see here 8 stones.
The quokka twitches its whiskers.
You slash the quokka!
You kill the quokka!
No target in view!
No target in view!
No target in view!
No target in view!
A goblin comes into view. It is wielding a +0 dagger.
The goblin shouts!
A goblin is nearby!
A goblin is nearby!
A jackal comes into view.
The goblin hits you but does no damage.
You barely miss the goblin. You block the goblin's attack.
You barely miss the goblin. Your headbutt misses the goblin.
The goblin hits you with a +0 dagger.
You closely miss the goblin.
The goblin hits you with a +0 dagger. x2
You hit the goblin.
You kill the goblin!
The jackal bites you but does no damage.
You closely miss the jackal. Your headbutt misses the jackal.
The jackal barely misses you. You furiously retaliate!
You headbutt the jackal!
You kill the jackal!
No target in view!
A hobgoblin comes into view.
The hobgoblin shouts!
A hobgoblin is nearby!
Found a faded altar of an unknown god.
A hobgoblin is nearby!
A hobgoblin is nearby!
The hobgoblin hits you but does no damage.
You hit the hobgoblin.
The hobgoblin is moderately wounded.
The hobgoblin hits you but does no damage.
The hobgoblin hits you.
You barely miss the hobgoblin.
The hobgoblin is moderately wounded.
You block the hobgoblin's attack.
You barely miss the hobgoblin.
The hobgoblin is moderately wounded.
The hobgoblin barely misses you.
You slash the hobgoblin!
You kill the hobgoblin!
No target in view!
No target in view!
No target in view!
l - a ring of ice You see here a hobgoblin corpse.
You see here a hobgoblin corpse.
Okay, then.
A quokka comes into view.
A quokka is nearby!
The quokka barely misses you. x2
You completely miss the quokka.
The quokka bites you but does no damage.
You barely miss the quokka. Your headbutt misses the quokka.
The quokka bites you but does no damage. x2
You hit the quokka but do no damage. You headbutt the quokka.
You kill the quokka!
No target in view!
No target in view!
No target in view!
No target in view!
There is a faded altar of an unknown god here.
You cannot tell which god this altar belongs to.
Convert to them anyway?
Okay, then.
You cannot tell which god this altar belongs to.
Convert to them anyway?
Yredelemnul accepts your prayer! Yredelemnul welcomes you!
You can now reap souls.
You can now recall your undead harvest.
Are you sure you want to abandon this character and quit the game? (Confirm with "yes".)

### ..# #.#
#.##################
#...........†.Z.§§§#
##.###########..@§.#
##.# ##§§§Z# ...#
##Z.Z# #### ####..#
########## #.....#
.........# #.#####
########.#####.##
#........#
#######..#


You could see 2 friendly bat zombies, a friendly adder zombie and a friendly
giant cockroach zombie.

Vanquished Creatures
  A dart slug (D:1)
  4 endoplasms (D:1)
  7 goblins (D:1)
  2 hobgoblins (D:1)
  4 jackals (D:1)
  A kobold (D:1)
  2 quokkas (D:1)
  3 ball pythons (D:1)
  2 bats (D:1)
  2 frilled lizards (D:1)
  A rat (D:1)
29 creatures vanquished.

Notes
Turn   | Place    | Note
-------+----------+-------------------------------------------
     0 | D:1      | Flugkiller the Minotaur Fighter began the quest for the
                  | Orb.
     0 | D:1      | Reached XP level 1. HP: 19/19 MP: 0/0
    51 | D:1      | Reached XP level 2. HP: 27/27 MP: 1/1
   399 | D:1      | Reached XP level 3. HP: 33/33 MP: 2/2
   566 | D:1      | Found a faded altar of an unknown god.
   644 | D:1      | Prayed at the altar of an unknown god.
   644 | D:1      | Became a worshipper of Yredelemnul the Dark
   644 | D:1      | Reached * piety under Yredelemnul
   645 | D:1      | Quit the game

Illustrated notes

Levels and vault maps discovered:
D:1:      elethiomel_arrival_shortcut, layout_loops_ring,
          ebering_ecumenical_altar_mist, hex_tiny

Skill      XL: |  1  2 |
---------------+-------+-----
Axes           | 3 |  3.6
Fighting       | 4 |  4.1
Armour         | 4 |  4.1
Shields        | |  3.6

Action                   || total
-------------------------++-------
Melee: War axe           ||    69
       Headbutt          ||    10
Armor: Scale mail        ||    35
Dodge: Dodged            ||    27
Block: Buckler           ||    18
